 Dungeon Crawl Stone Soup version 0.18-a0-29-gce27f3c (webtiles) character file.

13657 tp1 the Thaumaturge (level 11, -10/60 HPs)
             Began as a Deep Elf Conjurer on Nov 4, 2015.
             Was a Priest of Vehumet.
             Killed from afar by a wolf (32 damage)
             ... with an exploding inner flame
             ... hexed by the player character
             ... on level 1 of the Lair of Beasts.
             The game lasted 01:23:38 (16979 turns).

tp1 the Thaumaturge (Deep Elf Conjurer)            Turns: 16979, Time: 01:23:40

Health: -10/60     AC:  6    Str:  5    XL:     11   Next: 78%
Magic:  15/38      EV: 14    Int: 24    God:    Vehumet [***...]
Gold:   289        SH:  5    Dex: 15    Spells: 9 memorised, 10 levels left

rFire  . . .     SeeInvis .     h - staff of conjuration
rCold  . . .     Clarity  .     j - +2 leather armour
rNeg   + . .     SustAt   .     w - +0 buckler
rPois  .         Gourm    .     (no helmet)
rElec  .         Spirit   .     (no cloak)
rCorr  .         Warding  +     p - +0 pair of gloves
rMut   .         Stasis   .     (no boots)
MR     +....                    D - amulet of warding
Stlth  +++.......               C - ring of magical power
                                (no ring)

@: very slightly contaminated, somewhat resistant to hostile enchantments,
fairly stealthy
A: no striking features
a: Renounce Religion


You were on level 1 of the Lair of Beasts.
You worshipped Vehumet.
Vehumet was most pleased with you.
You were not hungry.

You visited 3 branches of the dungeon, and saw 13 of its levels.

You collected 529 gold pieces.
You spent 240 gold pieces at shops.

Inventory:

Hand Weapons
 m - a +0 dagger
Missiles
 k - 10 curare-tipped needles
 s - 6 javelins (quivered)
Armour
 a - a +0 robe
 j - a +2 leather armour (worn)
 p - a +0 pair of gloves (worn)
 w - a +0 buckler (worn)
Magical Staves
 h - an uncursed staff of conjuration (weapon)
 u - an uncursed staff of poison
Jewellery
 t - a +3 ring of slaying
 C - a ring of magical power (right hand)
 D - an amulet of warding (around neck)
Wands
 z - a wand of slowing (26)
 A - a wand of fire (4)
Scrolls
 n - a scroll of enchant armour
 o - a scroll of fog
 x - a scroll of teleportation
 y - 12 scrolls of identify
Potions
 e - 2 potions of flight
 f - 3 potions of might
 i - 4 potions of curing
 l - 4 potions of cancellation
 q - 2 potions of degeneration
 v - a potion of berserk rage
Books
 b - a book of Conjurations

   Spells                             Type                      Level
   a - Magic Dart                     Conjuration                  1
   b - Searing Ray                    Conjuration                  2
   c - Dazzling Spray                 Conjuration/Hexes            3
   d - Fulminant Prism                Conjuration/Hexes            4
   e - Iskenderun's Mystic Blast      Conjuration                  4
   f - Iskenderun's Battlesphere      Conjuration/Charms           5
 r - a book of Hinderance

   Spells                             Type                      Level
   a - Confusing Touch                Hexes                        2
   b - Confuse                        Hexes                        3
   c - Gell's Gravitas                Hexes/Translocation          3
   d - Petrify                        Transmutation/Earth          4
   e - Metabolic Englaciation         Hexes/Ice                    5
Comestibles
 c - 11 bread rations
 d - 7 chunks of flesh
 g - 2 royal jellies


   Skills:
 - Level 3.0 Fighting
 - Level 4.0 Armour
 - Level 5.2 Dodging
 - Level 6.5 Stealth
 - Level 5.1 Shields
 - Level 12.1 Spellcasting
 - Level 8.3 Conjurations
 + Level 7.6 Hexes
 - Level 8.2 Charms
 - Level 6.2 Fire Magic
 - Level 5.0 Earth Magic


You had 10 spell levels left.
You knew the following spells:

 Your Spells              Type           Power        Failure   Level  Hunger
a - Magic Dart            Conj           ####         1%          1    None
b - Searing Ray           Conj           ######       1%          2    None
c - Dazzling Spray        Conj/Hex       ######..     1%          3    None
d - Iskenderun's Battles  Conj/Chrm      ######..     2%          5    ###....
e - Flame Tongue          Conj/Fire      #####        1%          1    None
f - Stone Arrow           Conj/Erth      ######       1%          3    None
g - Inner Flame           Hex/Fire       #####...     1%          3    None
h - Confuse               Hex            ######..     1%          3    None
i - Gell's Gravitas       Hex/Tloc       ####......   6%          3    None


Dungeon Overview and Level Annotations

Branches:
Dungeon (11/15)            Temple (1/1) D:5            Lair (1/8) D:9
    Orc: D:9-12

Altars:
Ashenzari
Cheibriados
Dithmenos
Elyvilon
Fedhas
Gozag
Kikubaaqudgha
Makhleb
Nemelex Xobeh
Okawaru
Qazlal
Ru
Sif Muna
Trog
Vehumet
Xom
Yredelemnul
Zin
The Shining One

Shops:
D:6 =   D:7 *}:%   D:11 }


Message History

Casting: Gell's Gravitas
Confirm with . or Enter, or press ? or * to list all spells.
Aiming: Gell's Gravitas
Press: ? - help, Dir - move target cursor Gravity reorients around empty space.
The wolf collides with the black mamba!
The wolf collides with the black mamba!
The wolf closely misses you. The wolf bites you but does no damage.
The wolf closely misses you. The wolf bites you!
Casting: Gell's Gravitas
Confirm with . or Enter, or press ? or * to list all spells.
Aiming: Gell's Gravitas
Press: ? - help, Dir - move target cursor, f - battlesphere
Aim: a battlesphere (friendly) Gravity reorients around your battlesphere.
The black mamba collides with your battlesphere!
The wolf collides with your battlesphere!
The wolf explodes!
The fiery explosion engulfs you!
Ouch! That really hurt!
You die...

P.......................,,,,,,,,,
#.......................,,,,,,,,,
#...P######.#...........,,,,,,,,,
#...#* #####............,,,,,,,,,
P...# ##.####...........,,,,,,),,
#...###.....+...........,,,,,,,,,
#....#..........*§§.....,,,,,,,,,
#...+.....≈≈≈≈.Sh§§.....,,,,,,,,,
#...###...≈≈≈≈≈.@.§.....,,,,,,,,,
#...# #P.≈≈≈≈≈≈.........,,,,*****
#...###..≈≈≈≈≈≈<........,,*******
....#.#..≈≈≈≈≈≈.........,***PP,P,
#........≈≈≈≈≈≈≈........**P*PPP,,
#........≈≈≈≈≈≈≈........***P,,P,,
#..........≈≈≈≈........♣*PPP,,,,,
#...........≈≈.≈......♣♣**P,,,,,†
#..........,,,,,,,,,,,*P*PP,,,,,,


You could see a black mamba and a wolf.

Vanquished Creatures
  The ghost of chonchonts the Fighter, a novice MiFi of Qazlal (D:6)
  16 elephants (Lair:1)
  Joseph (D:7)
  A komodo dragon (Lair:1)
  A fire drake (Lair:1)
  A troll (D:10)
  A shadow (D:11)
  A spriggan (D:7)
  A hungry ghost (D:8)
  A deep elf mage (D:9)
  A wyvern (D:11)
  A hippogriff (D:10)
  A wolf (Lair:1)
  A steam dragon (D:11)
  5 water moccasins
  The ghost of tp1 the Magician, an amateur DECj (D:4)
  An orc warrior (D:8)
  3 sky beasts
  A phantom (D:4)
  A wasp (D:10)
  2 necrophages
  3 centaurs
  7 ogres
  2 crocodiles
  8 giant frogs
  2 big kobolds
  3 scorpions
  6 killer bees (D:10)
  5 wights (D:9)
  A giant frog zombie (D:5)
  3 jellies
  2 electric eels
  2 crimson imps
  7 hounds
  A giant frog skeleton (D:7)
  3 orc priests
  3 centaur skeletons
  12 orc wizards
  3 iguanas
  11 worker ants
  7 sheep (Lair:1)
  A hound skeleton (D:5)
  Robin (D:4)
  12 adders
  2 river rats (D:9)
  2 shadow imps
  An adder skeleton (D:5)
  31 orcs
  2 ball pythons
  3 giant cockroaches
  15 goblins
  7 hobgoblins
  7 jackals
  6 quokkas
  8 bats
  3 giant geckos
  A giant gecko skeleton (D:4)
  A giant gecko zombie (D:6)
  9 giant newts
  A jackal zombie (D:8)
  17 kobolds
  A quokka skeleton (D:4)
  9 rats
  2 fungi (Lair:1)
276 creatures vanquished.

Vanquished Creatures (others)
  17 fungi
  2 plants (Lair:1)
  5 toadstools (D:1)
24 creatures vanquished.

Grand Total: 300 creatures vanquished

Notes
Turn   | Place    | Note
--------------------------------------------------------------
     0 | D:1      | tp1 the Deep Elf Conjurer began the quest for the Orb.
     0 | D:1      | Reached XP level 1. HP: 10/10 MP: 6/6
   230 | D:1      | Reached XP level 2. HP: 15/15 MP: 6/9
  1289 | D:2      | Found a shattered altar of Ashenzari.
  1366 | D:2      | Found a shadowy altar of Dithmenos.
  1655 | D:2      | Reached XP level 3. HP: 19/19 MP: 9/11
  1807 | D:2      | Reached skill level 5 in Spellcasting
  2273 | D:3      | Reached skill level 5 in Conjurations
  2273 | D:3      | Reached XP level 4. HP: 24/24 MP: 4/13
  2561 | D:3      | Learned a level 2 spell: Searing Ray
  2572 | D:3      | Learned a level 3 spell: Dazzling Spray
  3047 | D:4      | Noticed tp1's ghost (amateur DECj)
  3199 | D:4      | Killed tp1's ghost
  3199 | D:4      | Reached skill level 6 in Conjurations
  3199 | D:4      | Reached XP level 5. HP: 28/28 MP: 7/14
  3359 | D:4      | Reached skill level 7 in Conjurations
  3359 | D:4      | Reached XP level 6. HP: 29/32 MP: 10/15
  3471 | D:4      | Noticed Robin
  3483 | D:4      | Killed Robin
  3668 | D:4      | Learned a level 5 spell: Iskenderun's Battlesphere
  3778 | D:4      | Reached skill level 1 in Charms
  4088 | D:4      | Reached skill level 5 in Charms
  4325 | D:4      | Found a bloodstained altar of Trog.
  4518 | D:4      | Reached XP level 7. HP: 36/36 MP: 9/16
  4847 | D:5      | Entered Level 5 of the Dungeon
  4883 | D:5      | Found a staircase to the Ecumenical Temple.
  4892 | Temple   | Entered the Ecumenical Temple
  4937 | Temple   | Became a worshipper of Vehumet
  5966 | D:5      | Found a staircase to the Ecumenical Temple.
  6410 | D:6      | Noticed chonchonts's ghost (novice MiFi)
  6418 | D:6      | Killed chonchonts's ghost
  6418 | D:6      | Reached skill level 8 in Spellcasting
  6418 | D:6      | Reached XP level 8. HP: 11/41 MP: 4/22
  6683 | D:6      | Reached skill level 9 in Spellcasting
  6986 | D:6      | Found a basalt altar of Yredelemnul.
  7013 | D:6      | Gained mutation: You are surrounded by a mild repulsion field (EV +2). [mutagenic meat]
  7014 | D:6      | Gained mutation: You occasionally shout uncontrollably at your foes. [mutagenic meat]
  7076 | D:6      | Found Viacw's Jewellery Shop.
  7087 | D:6      | Bought an uncursed ring of magical power for 240 gold pieces
  7193 | D:6      | Reached skill level 5 in Dodging
  7246 | D:6      | Found a deep blue altar of Sif Muna.
  7454 | D:6      | Found a blossoming altar of Fedhas.
  7992 | D:6      | Found a basalt altar of Yredelemnul.
  8041 | D:6      | Found Viacw's Jewellery Shop.
  8085 | D:6      | Found a deep blue altar of Sif Muna.
  8291 | D:6      | Found a blossoming altar of Fedhas.
  8473 | D:7      | Found Bokozxesh's Book Shop.
  8484 | D:7      | Found Yhanutio's Food Shop.
  8723 | D:7      | Found an iron altar of Okawaru.
  8760 | D:7      | Found Mulemoro's Gadget Emporium.
  8773 | D:7      | Reached skill level 5 in Stealth
  8778 | D:7      | Reached * piety under Vehumet
  8778 | D:7      | Offered knowledge of Shock by Vehumet.
  8898 | D:7      | Reached XP level 9. HP: 28/45 MP: 20/24
  9049 | D:7      | Reached skill level 1 in Armour
  9057 | D:7      | Noticed Joseph
  9066 | D:7      | Killed Joseph
  9256 | D:7      | Lost mutation: You occasionally shout uncontrollably at your foes. [potion of cure mutation]
  9256 | D:7      | Lost mutation: You are surrounded by a mild repulsion field (EV +2). [potion of cure mutation]
  9362 | D:7      | Found Xadudy's General Store.
  9433 | D:7      | Found Bokozxesh's Book Shop.
  9482 | D:7      | Found Yhanutio's Food Shop.
  9639 | D:7      | Found Xadudy's General Store.
  9664 | D:7      | Found Mulemoro's Gadget Emporium.
  9679 | D:7      | Found an iron altar of Okawaru.
  9986 | D:8      | Reached skill level 1 in Fighting
 10342 | D:8      | Found an opulent altar of Gozag.
 10607 | D:8      | Offered knowledge of Flame Tongue by Vehumet.
 10610 | D:8      | Learned a level 1 spell: Flame Tongue
 10742 | D:8      | Reached ** piety under Vehumet
 10748 | D:8      | Reached skill level 1 in Fire Magic
 11123 | D:8      | Found an opulent altar of Gozag.
 11729 | D:9      | Lost strength.
 11792 | D:9      | Reached XP level 10. HP: 56/56 MP: 22/25
 11861 | D:9      | Found a staircase to the Lair.
 11886 | D:9      | Offered knowledge of Stone Arrow by Vehumet.
 11909 | Lair:1   | Entered Level 1 of the Lair of Beasts
 11914 | Lair:1   | Reached skill level 10 in Spellcasting
 11919 | Lair:1   | Learned a level 3 spell: Stone Arrow
 12181 | D:9      | Reached skill level 11 in Spellcasting
 12347 | D:10     | Entered Level 10 of the Dungeon
 12551 | D:10     | Reached *** piety under Vehumet
 12551 | D:10     | Reached skill level 12 in Spellcasting
 12922 | D:10     | Reached skill level 1 in Shields
 13503 | D:11     | Noticed a white ugly thing
 13571 | D:11     | Found Foiniunt's Quality Used Wands.
 13703 | D:11     | Noticed a cyclops
 14810 | D:9      | Noticed a brown ugly thing
 15409 | D:8      | Found an opulent altar of Gozag.
 15602 | Lair:1   | Reached skill level 5 in Shields
 15671 | Lair:1   | Offered knowledge of Inner Flame by Vehumet.
 15676 | Lair:1   | Learned a level 3 spell: Inner Flame
 15686 | Lair:1   | Reached XP level 11. HP: 60/60 MP: 29/29
 16168 | Lair:1   | Reached skill level 5 in Earth Magic
 16288 | Lair:1   | Learned a level 3 spell: Confuse
 16601 | Lair:1   | Reached skill level 5 in Fire Magic
 16606 | Lair:1   | Learned a level 3 spell: Gell's Gravitas
 16747 | Lair:1   | Reached skill level 5 in Hexes
 16979 | Lair:1   | Killed from afar by a wolf

Vault maps used:
D:1:      ldierk_walled_garden
D:2:      nicolae_dithmenos_through_a_glass_darkly, nicolae_ashenzari_panopticon
D:4:      kennysheep_mini, first_bread, uniq_robin
D:5:      minmay_temple_entry_statues, kennysheep_boxes
D:6:      lemuel_crystal_altar, yredelemnul_altar_generic, marbit_many_paths,
          serial_shops, shop, kennysheep_dice
D:7:      lemuel_crystal_altar, serial_shops, shop, nicolae_shop_stone, shop,
          shop, the_bakery, uniq_joseph
D:8:      lemuel_crystal_altar, grunt_ministairs_9
D:9:      due_lair_maze_entry_diamond
D:11:     david_orc_5, serial_aquarium, aquarium_bridge_square,
          aquarium_window_corridor_3, aquarium_window_fake, aquarium_view_2a,
          aquarium_view_2b, aquarium_balcony_5b, aquarium_pool_1,
          nicolae_for_you_no_charge
Temple:   temple_eino_lava_12
Lair:1:   mu_elephants_graveyard, infiniplex_staircase_pool

Action                   |  1- 3 |  4- 6 |  7- 9 | 10-12 || total
-------------------------+-------+-------+-------+-------++-------
Melee: Unarmed           |     3 |       |       |       ||     3
       Staff             |       |     2 |       |     4 ||     6
Throw: Javelin           |       |       |       |     1 ||     1
 Cast: Magic Dart        |    68 |   100 |   144 |   180 ||   492
       Searing Ray       |       |     8 |    18 |     7 ||    33
       Iskenderun's Batt |       |     1 |    39 |    48 ||    88
       Stone Arrow       |       |       |       |    26 ||    26
       Flame Tongue      |       |       |       |     5 ||     5
       Inner Flame       |       |       |       |     3 ||     3
       Gell's Gravitas   |       |       |       |     3 ||     3
Evoke: Wand              |       |       |     1 |       ||     1
  Use: Scroll            |     5 |       |    11 |     2 ||    18
       Potion            |     3 |       |    10 |     2 ||    15
  Eat: Chunk             |     3 |     8 |    19 |    11 ||    41
       Beef jerky        |       |       |     2 |       ||     2
       Meat ration       |       |       |     3 |       ||     3
       Bread ration      |       |       |       |     2 ||     2
       Fruit             |       |       |       |     1 ||     1
